Connexion

MONTREAL Canadiens vs SEATTLE Kraken

Created - 2 janvier 2024 at 04:06

Goals
1 2 3 T
MONTREAL Canadiens 1 1 1 3
SEATTLE Kraken 2 0 2 4
Shots
1 2 3 T
MONTREAL Canadiens 12 5 16 33
SEATTLE Kraken 9 17 9 35

GoalsPenalties
1st period
1. MONTREAL Canadiens , Jake Guentzel 12 (Patrick Kane 35) at 7:35
2. SEATTLE Kraken , Jason Robertson 23 (Samuel Girard 31, Alex Ovechkin 21) at 11:15
3. SEATTLE Kraken , Evgeni Malkin 18 (Samuel Girard 32, Rasmus Dahlin 39) at 17:12
Moritz Seider (SEA) for Fighting (Major) at 15:52
Joel Edmundson (MTL) for Fighting (Major) at 15:52
Jani Hakanpaa (SEA) for Roughing (Minor) at 17:21
Justin Faulk (MTL) for Interference (Minor) at 19:53
2nd period
4. MONTREAL Canadiens , Cam Atkinson 30 (Tyler Seguin 26, Joel Edmundson 9) at 4:58
Kyle Capobianco (MTL) for Roughing (Minor) at 6:39
Andrei Kuzmenko (SEA) for Holding (Minor) at 9:23
3rd period
5. MONTREAL Canadiens , Boone Jenner 13 (Tyson Barrie 40, Tyler Seguin 27) at 10:00
6. SEATTLE Kraken , Wyatt Johnston 10 (Jason Robertson 32, Jamie Drysdale 22) at 12:58
7. SEATTLE Kraken , David Pastrnak 35 (Jamie Drysdale 23) at 14:40
Rasmus Dahlin (SEA) for Holding (Minor) at 18:46
Goalie Stats
Kevin Lankinen (MTL), 31 saves from 35 shots - (0,886), L, 20-10-3, 59:21 minutes
Spencer Knight (SEA), 30 saves from 33 shots - (0,909), W, 14-6-3, 60:00 minutes
3 StarsOfficial
1 - Jason Robertson (SEA)
2 - Samuel Girard (SEA)
3 - Wyatt Johnston (SEA)
Referees : Paul Devorski and Ian Walsh
Linesman : Scott Driscoll and Derek Nansen
Game Note
Moritz Seider and Joel Edmundson fight to a draw at 15:52 of 1st period
Finance
Level 1 -- Attendance: 4688 (91,92%) -- Ticket Income $736,016
Level 2 -- Attendance: 5000 (100,00%) -- Ticket Income $435,000
Level 3 -- Attendance: 1650 (82,50%) -- Ticket Income $107,250
Level 4 -- Attendance: 2938 (73,45%) -- Ticket Income $146,900
Luxury Box -- Attendance: 1000 (100,00%) -- Ticket Income $275,000
Game was played at the Climate Pledge Arena.
Total Attendance: 15276 (89,33%)
Total Ticket Income: $1,700,166
Other Income: $340,033
Total Income: $2,040,199



Team Name Goals Shots Shots Attemp Shots Blocked PIM HIT PP PK FO%
MONTREAL Canadiens 3335899120 / 3 (0%)044%
SEATTLE Kraken 43567311150 / 2 (0%)056%

MONTREAL Canadiens
Player Name POS G A P +/- PIM HIT SHT SB MP PP MP PP SHT PK MP PK SHT FO% FOT
Boone JennerC/LW1012027023:192:4522:00049% 35
Brett HowdenC/LW000000008:050:0000:0000% 0
Brock BoeserRW000-200219:500:0000:00050% 2
Cam AtkinsonLW/RW1012004122:002:4500:41067% 3
Dakota MermisD000-1011119:292:4602:0100% 0
Gabriel VilardiC/RW000-2001010:090:0000:19030% 10
Isac LundestromC/LW000-2000010:090:0000:19050% 2
Jake GuentzelC/LW/RW101-1004017:462:2600:0000% 3
Joe VelenoC000000008:050:0000:00064% 11
Joel EdmundsonD011-1501117:481:3801:5300% 0
Justin FaulkD0000233024:002:2510:4100% 0
Kailer YamamotoC/LW/RW000-1021117:462:2600:0000% 0
Kyle CapobiancoD0000211017:281:0800:0000% 0
Matthew BenningD0000010216:030:0000:2600% 0
Patrick KaneC/RW011-1012018:272:2600:41036% 25
Phil KesselC/RW000000208:050:0000:0000% 1
Tyler SeguinC/RW0222013023:192:4502:000100% 1
Tyson BarrieD0110001225:092:2500:5900% 0
SEATTLE Kraken
Player Name POS G A P +/- PIM HIT SHT SB MP PP MP PP SHT PK MP PK SHT FO% FOT
Alex OvechkinLW0112002019:492:0400:000100% 2
Andrei KuzmenkoLW000-1204021:040:5600:220100% 1
Auston MatthewsC000-1020020:430:5600:00066% 29
David PastrnakRW101-1025020:430:5600:0000% 1
Evgeni MalkinC/RW1010001010:520:0000:00044% 16
Jamie DrysdaleD0222011018:271:3300:2400% 0
Jani HakanpaaD0000220013:360:2700:1000% 0
Jason RobertsonLW/RW1122005019:492:0400:0000% 0
Joe PavelskiC/LW/RW0000016014:330:0003:41060% 5
Michael PezzettaC/LW000001003:250:0000:000100% 1
Moritz SeiderD000-2530222:291:3301:2000% 0
Oscar KlefbomD0000002015:390:0003:3600% 0
Rasmus DahlinD011-1221026:501:0002:0300% 0
Samuel GirardD0223001122:561:2712:4900% 0
T.J. OshieC/LW/RW000000207:280:0004:03020% 5
Tim StutzleC/LW000000004:330:0001:0800% 0
Vincent HinostrozaC/RW0000002012:000:0001:081100% 2
Wyatt JohnstonC1012013019:492:0400:00052% 31



Play-by-Play

1st period


0:01 of 1st period - Auston Matthews wins face-off versus Boone Jenner in neutral zone.
1:18 of 1st period - Jake Guentzel is hit by Moritz Seider and loses puck.
1:31 of 1st period - Shot by Kailer Yamamoto.
1:31 of 1st period - Stopped by Spencer Knight with a rebound.
1:33 of 1st period - Shot by Patrick Kane.
1:33 of 1st period - Shot Misses the Net.
1:35 of 1st period - Shot by Kailer Yamamoto.
1:35 of 1st period - Shot Misses the Net.
1:45 of 1st period - Icing by Kailer Yamamoto.
1:46 of 1st period - Patrick Kane wins face-off versus Wyatt Johnston in MONTREAL Canadiens zone.
1:54 of 1st period - Dakota Mermis is hit by Jamie Drysdale and loses puck.
2:16 of 1st period - Shot by Samuel Girard.
2:16 of 1st period - Shot Misses the Net.
2:29 of 1st period - Icing by Jamie Drysdale.
2:30 of 1st period - Joe Veleno wins face-off versus Wyatt Johnston in SEATTLE Kraken zone.
2:55 of 1st period - Icing by Tyson Barrie.
2:56 of 1st period - Joe Veleno wins face-off versus Evgeni Malkin in MONTREAL Canadiens zone.
3:03 of 1st period - Shot by Tyson Barrie.
3:03 of 1st period - Shot Misses the Net.
3:05 of 1st period - Shot by Phil Kessel.
3:05 of 1st period - Shot Misses the Net.
3:17 of 1st period - Shot by Brett Howden.
3:17 of 1st period - Deflect By Joe Veleno.
3:17 of 1st period - Shot Misses the Net.
3:19 of 1st period - Shot by Phil Kessel.
3:19 of 1st period - Stopped by Spencer Knight without a rebound.
3:20 of 1st period - Boone Jenner wins face-off versus T.J. Oshie in SEATTLE Kraken zone.
3:43 of 1st period - Shot by Tim Stutzle.
3:43 of 1st period - Shot Blocked by Matthew Benning.
3:45 of 1st period - Shot by T.J. Oshie.
3:45 of 1st period - Shot Misses the Net.
3:49 of 1st period - Shot by T.J. Oshie.
3:49 of 1st period - Stopped by Kevin Lankinen with a rebound.
3:51 of 1st period - Shot by Oscar Klefbom.
3:51 of 1st period - Stopped by Kevin Lankinen without a rebound.
3:52 of 1st period - Evgeni Malkin wins face-off versus Gabriel Vilardi in MONTREAL Canadiens zone.
3:52 of 1st period - Vincent Hinostroza is hit by Justin Faulk and loses puck.
4:31 of 1st period - Shot by Tyson Barrie.
4:31 of 1st period - Stopped by Spencer Knight without a rebound.
4:32 of 1st period - Boone Jenner wins face-off versus Wyatt Johnston in SEATTLE Kraken zone.
4:51 of 1st period - Off-side.
4:52 of 1st period - Auston Matthews wins face-off versus Patrick Kane in neutral zone.
5:10 of 1st period - Off-side.
5:11 of 1st period - Boone Jenner wins face-off versus Wyatt Johnston in neutral zone.
5:27 of 1st period - Off-side.
5:28 of 1st period - Auston Matthews wins face-off versus Patrick Kane in neutral zone.
5:33 of 1st period - Shot by Auston Matthews.
5:33 of 1st period - Shot Blocked by Dakota Mermis.
5:57 of 1st period - Shot by Patrick Kane.
5:57 of 1st period - Deflect By Jake Guentzel.
5:57 of 1st period - Shot Misses the Net.
5:59 of 1st period - Shot by Patrick Kane.
5:59 of 1st period - Stopped by Spencer Knight without a rebound.
6:00 of 1st period - Cam Atkinson wins face-off versus Wyatt Johnston in SEATTLE Kraken zone.
6:07 of 1st period - Shot by Boone Jenner.
6:07 of 1st period - Stopped by Spencer Knight with a rebound.
7:33 of 1st period - Icing by Samuel Girard.
7:34 of 1st period - Patrick Kane wins face-off versus Evgeni Malkin in SEATTLE Kraken zone.
7:35 of 1st period - Shot by Jake Guentzel.
7:35 of 1st period - Goal by Jake Guentzel - MONTREAL Canadiens : 1 - SEATTLE Kraken : 0.
7:36 of 1st period - Patrick Kane wins face-off versus Auston Matthews in neutral zone.
7:51 of 1st period - Shot by David Pastrnak.
7:51 of 1st period - Shot Blocked by Kailer Yamamoto.
8:31 of 1st period - Shot by Wyatt Johnston.
8:31 of 1st period - Stopped by Kevin Lankinen without a rebound.
8:32 of 1st period - Wyatt Johnston wins face-off versus Boone Jenner in MONTREAL Canadiens zone.
8:32 of 1st period - Jason Robertson is hit by Justin Faulk and loses puck.
8:58 of 1st period - Shot by Tyler Seguin.
8:58 of 1st period - Shot Misses the Net.
9:03 of 1st period - Off-side.
9:04 of 1st period - Evgeni Malkin wins face-off versus Joe Veleno in neutral zone.
9:09 of 1st period - Shot by Joe Pavelski.
9:09 of 1st period - Stopped by Kevin Lankinen with a rebound.
9:37 of 1st period - Shot by Joe Veleno.
9:37 of 1st period - Deflect By Phil Kessel.
9:37 of 1st period - Stopped by Spencer Knight without a rebound.
9:38 of 1st period - Boone Jenner wins face-off versus Auston Matthews in SEATTLE Kraken zone.
9:52 of 1st period - Shot by Boone Jenner.
9:52 of 1st period - Stopped by Spencer Knight with a rebound.
10:03 of 1st period - Icing by David Pastrnak.
10:04 of 1st period - Gabriel Vilardi wins face-off versus David Pastrnak in SEATTLE Kraken zone.
11:15 of 1st period - Shot by Jason Robertson.
11:15 of 1st period - Goal by Jason Robertson - MONTREAL Canadiens : 1 - SEATTLE Kraken : 1.
11:16 of 1st period - Boone Jenner wins face-off versus Evgeni Malkin in neutral zone.
11:25 of 1st period - Shot by Boone Jenner.
11:25 of 1st period - Stopped by Spencer Knight without a rebound.
11:26 of 1st period - Michael Pezzetta wins face-off versus Jake Guentzel in SEATTLE Kraken zone.
11:31 of 1st period - T.J. Oshie is hit by Kailer Yamamoto.
12:11 of 1st period - Shot by Patrick Kane.
12:11 of 1st period - Shot Misses the Net.
12:40 of 1st period - Icing by Dakota Mermis.
12:41 of 1st period - Auston Matthews wins face-off versus Boone Jenner in MONTREAL Canadiens zone.
13:00 of 1st period - Shot by Cam Atkinson.
13:00 of 1st period - Shot Misses the Net.
13:06 of 1st period - Shot by Tyler Seguin.
13:06 of 1st period - Stopped by Spencer Knight without a rebound.
13:07 of 1st period - Joe Veleno wins face-off versus Wyatt Johnston in SEATTLE Kraken zone.
13:35 of 1st period - Shot by Wyatt Johnston.
13:35 of 1st period - Deflect By Alex Ovechkin.
13:35 of 1st period - Shot Hit the Post.
14:36 of 1st period - Joe Pavelski is hit by Justin Faulk and loses puck.
14:40 of 1st period - Icing by Justin Faulk.
14:41 of 1st period - Boone Jenner wins face-off versus Auston Matthews in MONTREAL Canadiens zone.
14:41 of 1st period - Boone Jenner is hit by Jani Hakanpaa.
15:52 of 1st period - Moritz Seider and Joel Edmundson fight to a draw.
15:52 of 1st period - Penalty to Moritz Seider for Fighting.
15:52 of 1st period - Penalty to Joel Edmundson for Fighting.
15:53 of 1st period - Wyatt Johnston wins face-off versus Gabriel Vilardi in neutral zone.
16:01 of 1st period - Icing by Gabriel Vilardi.
16:02 of 1st period - Wyatt Johnston wins face-off versus Gabriel Vilardi in MONTREAL Canadiens zone.
16:24 of 1st period - Shot by Wyatt Johnston.
16:24 of 1st period - Shot Blocked by Brock Boeser.
16:33 of 1st period - Off-side.
16:34 of 1st period - Evgeni Malkin wins face-off versus Patrick Kane in neutral zone.
16:46 of 1st period - Shot by Joe Pavelski.
16:46 of 1st period - Shot Blocked by Tyson Barrie.
17:12 of 1st period - Shot by Evgeni Malkin.
17:12 of 1st period - Goal by Evgeni Malkin - MONTREAL Canadiens : 1 - SEATTLE Kraken : 2.
17:13 of 1st period - Boone Jenner wins face-off versus Auston Matthews in neutral zone.
17:13 of 1st period - Boone Jenner is hit by Auston Matthews.
17:20 of 1st period - Tyler Seguin is hit by Jani Hakanpaa and loses puck.
17:21 of 1st period - Minor Penalty to Jani Hakanpaa for Roughing.
17:22 of 1st period - Joe Pavelski wins face-off versus Boone Jenner in SEATTLE Kraken zone.
17:45 of 1st period - Shot by Boone Jenner.
17:45 of 1st period - Stopped by Spencer Knight without a rebound.
17:46 of 1st period - Joe Pavelski wins face-off versus Patrick Kane in SEATTLE Kraken zone.
18:19 of 1st period - Tim Stutzle is hit by Kailer Yamamoto and loses puck.
18:50 of 1st period - Shot by Boone Jenner.
18:50 of 1st period - Stopped by Spencer Knight without a rebound.
18:51 of 1st period - Vincent Hinostroza wins face-off versus Boone Jenner in SEATTLE Kraken zone.
19:32 of 1st period - Shot by Alex Ovechkin.
19:32 of 1st period - Stopped by Kevin Lankinen without a rebound.
19:33 of 1st period - Joe Veleno wins face-off versus Auston Matthews in MONTREAL Canadiens zone.
19:53 of 1st period - Minor Penalty to Justin Faulk for Interference.
19:54 of 1st period - Wyatt Johnston wins face-off versus Boone Jenner in MONTREAL Canadiens zone.
19:54 of 1st period - Wyatt Johnston is hit by Kyle Capobianco.
19:56 of 1st period - Shot by Jason Robertson.
19:56 of 1st period - Stopped by Kevin Lankinen with a rebound.
19:58 of 1st period - Shot by Jason Robertson.
19:58 of 1st period - Stopped by Kevin Lankinen without a rebound.
19:59 of 1st period - Boone Jenner wins face-off versus Wyatt Johnston in MONTREAL Canadiens zone.
Goals for this period are 1 for MONTREAL Canadiens vs 2 for SEATTLE Kraken.
Shots for this period are 12 for MONTREAL Canadiens vs 9 for SEATTLE Kraken.

2nd period


0:01 of 2nd period - Auston Matthews wins face-off versus Boone Jenner in neutral zone.
2:23 of 2nd period - Shot by Brett Howden.
2:23 of 2nd period - Shot Misses the Net.
3:48 of 2nd period - Icing by Justin Faulk.
3:49 of 2nd period - Alex Ovechkin wins face-off versus Phil Kessel in MONTREAL Canadiens zone.
4:24 of 2nd period - Shot by Oscar Klefbom.
4:24 of 2nd period - Stopped by Kevin Lankinen without a rebound.
4:25 of 2nd period - Auston Matthews wins face-off versus Boone Jenner in MONTREAL Canadiens zone.
4:30 of 2nd period - Shot by David Pastrnak.
4:30 of 2nd period - Stopped by Kevin Lankinen without a rebound.
4:31 of 2nd period - Auston Matthews wins face-off versus Boone Jenner in MONTREAL Canadiens zone.
4:58 of 2nd period - Shot by Cam Atkinson.
4:58 of 2nd period - Goal by Cam Atkinson - MONTREAL Canadiens : 2 - SEATTLE Kraken : 2.
4:59 of 2nd period - Patrick Kane wins face-off versus Wyatt Johnston in neutral zone.
5:20 of 2nd period - Shot by Kailer Yamamoto.
5:20 of 2nd period - Shot Misses the Net.
5:53 of 2nd period - Icing by Kyle Capobianco.
5:54 of 2nd period - Patrick Kane wins face-off versus Auston Matthews in MONTREAL Canadiens zone.
5:56 of 2nd period - Icing by Kailer Yamamoto.
5:57 of 2nd period - Auston Matthews wins face-off versus Patrick Kane in MONTREAL Canadiens zone.
6:39 of 2nd period - Minor Penalty to Kyle Capobianco for Roughing.
6:40 of 2nd period - Boone Jenner wins face-off versus Wyatt Johnston in MONTREAL Canadiens zone.
8:35 of 2nd period - Shot by Samuel Girard.
8:35 of 2nd period - Stopped by Kevin Lankinen with a rebound.
8:37 of 2nd period - Shot by Alex Ovechkin.
8:37 of 2nd period - Shot Misses the Net.
8:39 of 2nd period - Shot by Alex Ovechkin.
8:39 of 2nd period - Stopped by Kevin Lankinen without a rebound.
8:40 of 2nd period - Gabriel Vilardi wins face-off versus Evgeni Malkin in MONTREAL Canadiens zone.
8:53 of 2nd period - Shot by Brock Boeser.
8:53 of 2nd period - Shot Misses the Net.
8:55 of 2nd period - Shot by Kyle Capobianco.
8:55 of 2nd period - Stopped by Spencer Knight without a rebound.
8:56 of 2nd period - Joe Veleno wins face-off versus T.J. Oshie in SEATTLE Kraken zone.
9:12 of 2nd period - Off-side.
9:13 of 2nd period - Auston Matthews wins face-off versus Patrick Kane in neutral zone.
9:23 of 2nd period - Minor Penalty to Andrei Kuzmenko for Holding.
9:24 of 2nd period - Patrick Kane wins face-off versus Joe Pavelski in SEATTLE Kraken zone.
9:24 of 2nd period - Joel Edmundson is hit by Moritz Seider.
10:36 of 2nd period - Shot by Vincent Hinostroza.
10:36 of 2nd period - Stopped by Kevin Lankinen without a rebound.
10:37 of 2nd period - Boone Jenner wins face-off versus Joe Pavelski in MONTREAL Canadiens zone.
11:00 of 2nd period - Shot by Cam Atkinson.
11:00 of 2nd period - Shot Blocked by Moritz Seider.
11:02 of 2nd period - Shot by Cam Atkinson.
11:02 of 2nd period - Shot Misses the Net.
11:29 of 2nd period - Kyle Capobianco is hit by Auston Matthews and loses puck.
11:46 of 2nd period - Shot by Gabriel Vilardi.
11:46 of 2nd period - Stopped by Spencer Knight without a rebound.
11:47 of 2nd period - Patrick Kane wins face-off versus Wyatt Johnston in SEATTLE Kraken zone.
12:00 of 2nd period - Shot by Jake Guentzel.
12:00 of 2nd period - Shot Misses the Net.
12:18 of 2nd period - Shot by Kailer Yamamoto.
12:18 of 2nd period - Shot Misses the Net.
12:50 of 2nd period - Joel Edmundson is hit by David Pastrnak.
13:03 of 2nd period - Shot by Auston Matthews.
13:03 of 2nd period - Shot Misses the Net.
13:58 of 2nd period - Icing by Tyson Barrie.
13:59 of 2nd period - Boone Jenner wins face-off versus T.J. Oshie in MONTREAL Canadiens zone.
14:12 of 2nd period - Shot by Samuel Girard.
14:12 of 2nd period - Shot Blocked by Tyson Barrie.
14:14 of 2nd period - Shot by T.J. Oshie.
14:14 of 2nd period - Stopped by Kevin Lankinen without a rebound.
14:15 of 2nd period - Wyatt Johnston wins face-off versus Gabriel Vilardi in MONTREAL Canadiens zone.
14:15 of 2nd period - Wyatt Johnston is hit by Matthew Benning.
14:27 of 2nd period - Shot by Alex Ovechkin.
14:27 of 2nd period - Shot Misses the Net.
14:29 of 2nd period - Shot by Jamie Drysdale.
14:29 of 2nd period - Stopped by Kevin Lankinen without a rebound.
14:30 of 2nd period - Evgeni Malkin wins face-off versus Joe Veleno in MONTREAL Canadiens zone.
14:59 of 2nd period - Shot by Joe Pavelski.
14:59 of 2nd period - Stopped by Kevin Lankinen with a rebound.
15:01 of 2nd period - Shot by Joe Pavelski.
15:01 of 2nd period - Stopped by Kevin Lankinen without a rebound.
15:02 of 2nd period - Boone Jenner wins face-off versus Wyatt Johnston in MONTREAL Canadiens zone.
15:02 of 2nd period - Boone Jenner is hit by Wyatt Johnston.
15:16 of 2nd period - Shot by Jason Robertson.
15:16 of 2nd period - Stopped by Kevin Lankinen without a rebound.
15:17 of 2nd period - Auston Matthews wins face-off versus Gabriel Vilardi in MONTREAL Canadiens zone.
15:20 of 2nd period - Shot by David Pastrnak.
15:20 of 2nd period - Shot Misses the Net.
15:31 of 2nd period - Shot by Isac Lundestrom.
15:31 of 2nd period - Shot Misses the Net.
15:33 of 2nd period - Shot by Isac Lundestrom.
15:33 of 2nd period - Deflect By Brock Boeser.
15:33 of 2nd period - Stopped by Spencer Knight without a rebound.
15:34 of 2nd period - Wyatt Johnston wins face-off versus Boone Jenner in SEATTLE Kraken zone.
15:36 of 2nd period - Jason Robertson is hit by Tyler Seguin and loses puck.
15:46 of 2nd period - Icing by Alex Ovechkin.
15:47 of 2nd period - Wyatt Johnston wins face-off versus Patrick Kane in SEATTLE Kraken zone.
15:47 of 2nd period - Wyatt Johnston is hit by Patrick Kane.
15:50 of 2nd period - Icing by Jason Robertson.
15:51 of 2nd period - Wyatt Johnston wins face-off versus Boone Jenner in SEATTLE Kraken zone.
17:08 of 2nd period - Icing by Jamie Drysdale.
17:09 of 2nd period - Auston Matthews wins face-off versus Brock Boeser in SEATTLE Kraken zone.
17:17 of 2nd period - Icing by Jamie Drysdale.
17:18 of 2nd period - Auston Matthews wins face-off versus Gabriel Vilardi in SEATTLE Kraken zone.
17:26 of 2nd period - Matthew Benning is hit by David Pastrnak and loses puck.
17:33 of 2nd period - Shot by Andrei Kuzmenko.
17:33 of 2nd period - Stopped by Kevin Lankinen without a rebound.
17:34 of 2nd period - Vincent Hinostroza wins face-off versus Boone Jenner in MONTREAL Canadiens zone.
17:55 of 2nd period - Shot by Vincent Hinostroza.
17:55 of 2nd period - Deflect By Joe Pavelski.
17:55 of 2nd period - Stopped by Kevin Lankinen with a rebound.
17:57 of 2nd period - Shot by Joe Pavelski.
17:57 of 2nd period - Stopped by Kevin Lankinen without a rebound.
17:58 of 2nd period - Wyatt Johnston wins face-off versus Patrick Kane in MONTREAL Canadiens zone.
18:01 of 2nd period - Shot by Jason Robertson.
18:01 of 2nd period - Shot Misses the Net.
18:05 of 2nd period - Shot by Wyatt Johnston.
18:05 of 2nd period - Shot Misses the Net.
18:19 of 2nd period - Shot by Jake Guentzel.
18:19 of 2nd period - Shot Blocked by Moritz Seider.
18:21 of 2nd period - Shot by Dakota Mermis.
18:21 of 2nd period - Stopped by Spencer Knight without a rebound.
18:22 of 2nd period - Auston Matthews wins face-off versus Cam Atkinson in SEATTLE Kraken zone.
18:49 of 2nd period - Shot by David Pastrnak.
18:49 of 2nd period - Stopped by Kevin Lankinen without a rebound.
18:50 of 2nd period - Wyatt Johnston wins face-off versus Patrick Kane in MONTREAL Canadiens zone.
18:51 of 2nd period - Shot by Jason Robertson.
18:51 of 2nd period - Stopped by Kevin Lankinen with a rebound.
19:13 of 2nd period - Shot by Wyatt Johnston.
19:13 of 2nd period - Shot Misses the Net.
19:15 of 2nd period - Shot by Rasmus Dahlin.
19:15 of 2nd period - Stopped by Kevin Lankinen without a rebound.
19:16 of 2nd period - Andrei Kuzmenko wins face-off versus Boone Jenner in MONTREAL Canadiens zone.
19:21 of 2nd period - Shot by Auston Matthews.
19:21 of 2nd period - Shot Misses the Net.
19:23 of 2nd period - Shot by David Pastrnak.
19:23 of 2nd period - Stopped by Kevin Lankinen without a rebound.
19:24 of 2nd period - Auston Matthews wins face-off versus Boone Jenner in MONTREAL Canadiens zone.
19:45 of 2nd period - Shot by Auston Matthews.
19:45 of 2nd period - Shot Misses the Net.
Goals for this period are 1 for MONTREAL Canadiens vs 0 for SEATTLE Kraken.
Shots for this period are 5 for MONTREAL Canadiens vs 17 for SEATTLE Kraken.

3rd period


0:01 of 3rd period - Evgeni Malkin wins face-off versus Boone Jenner in neutral zone.
0:40 of 3rd period - Shot by Tyler Seguin.
0:40 of 3rd period - Stopped by Spencer Knight without a rebound.
0:41 of 3rd period - Alex Ovechkin wins face-off versus Gabriel Vilardi in SEATTLE Kraken zone.
1:23 of 3rd period - Shot by Brock Boeser.
1:23 of 3rd period - Shot Blocked by Samuel Girard.
1:52 of 3rd period - Shot by Jake Guentzel.
1:52 of 3rd period - Stopped by Spencer Knight without a rebound.
1:53 of 3rd period - Boone Jenner wins face-off versus Auston Matthews in SEATTLE Kraken zone.
1:53 of 3rd period - Tyson Barrie is hit by Rasmus Dahlin and loses puck.
2:10 of 3rd period - Shot by David Pastrnak.
2:10 of 3rd period - Stopped by Kevin Lankinen without a rebound.
2:11 of 3rd period - Evgeni Malkin wins face-off versus Patrick Kane in MONTREAL Canadiens zone.
2:57 of 3rd period - Patrick Kane is hit by Joe Pavelski and loses puck.
4:47 of 3rd period - Icing by Jamie Drysdale.
4:48 of 3rd period - Wyatt Johnston wins face-off versus Joe Veleno in SEATTLE Kraken zone.
5:00 of 3rd period - Icing by Kyle Capobianco.
5:01 of 3rd period - Joe Veleno wins face-off versus Auston Matthews in MONTREAL Canadiens zone.
5:30 of 3rd period - Shot by Andrei Kuzmenko.
5:30 of 3rd period - Shot Misses the Net.
5:38 of 3rd period - Icing by Kyle Capobianco.
5:39 of 3rd period - Joe Veleno wins face-off versus Evgeni Malkin in MONTREAL Canadiens zone.
5:52 of 3rd period - Shot by Joe Pavelski.
5:52 of 3rd period - Shot Blocked by Matthew Benning.
5:54 of 3rd period - Shot by Evgeni Malkin.
5:54 of 3rd period - Deflect By Joe Pavelski.
5:54 of 3rd period - Shot Misses the Net.
5:56 of 3rd period - Shot by Joe Pavelski.
5:56 of 3rd period - Shot Hit the Post.
6:00 of 3rd period - Shot by Vincent Hinostroza.
6:00 of 3rd period - Shot Misses the Net.
6:02 of 3rd period - Shot by Joe Pavelski.
6:02 of 3rd period - Shot Hit the Post.
6:04 of 3rd period - Shot by Joe Pavelski.
6:04 of 3rd period - Shot Misses the Net.
6:06 of 3rd period - Shot by Jani Hakanpaa.
6:06 of 3rd period - Shot Misses the Net.
6:23 of 3rd period - Off-side.
6:24 of 3rd period - Boone Jenner wins face-off versus Auston Matthews in neutral zone.
6:57 of 3rd period - Shot by Justin Faulk.
6:57 of 3rd period - Stopped by Spencer Knight without a rebound.
6:58 of 3rd period - Patrick Kane wins face-off versus Wyatt Johnston in SEATTLE Kraken zone.
7:05 of 3rd period - Shot by Jake Guentzel.
7:05 of 3rd period - Stopped by Spencer Knight without a rebound.
7:06 of 3rd period - Wyatt Johnston wins face-off versus Patrick Kane in SEATTLE Kraken zone.
7:36 of 3rd period - Shot by Jake Guentzel.
7:36 of 3rd period - Shot Misses the Net.
7:44 of 3rd period - Shot by Alex Ovechkin.
7:44 of 3rd period - Shot Blocked by Joel Edmundson.
7:46 of 3rd period - Shot by Wyatt Johnston.
7:46 of 3rd period - Shot Misses the Net.
8:28 of 3rd period - Shot by Andrei Kuzmenko.
8:28 of 3rd period - Stopped by Kevin Lankinen without a rebound.
8:29 of 3rd period - Isac Lundestrom wins face-off versus Evgeni Malkin in MONTREAL Canadiens zone.
9:56 of 3rd period - Shot by Tyson Barrie.
9:56 of 3rd period - Shot Misses the Net.
9:58 of 3rd period - Shot by Boone Jenner.
9:58 of 3rd period - Shot Misses the Net.
10:00 of 3rd period - Shot by Boone Jenner.
10:00 of 3rd period - Goal by Boone Jenner - MONTREAL Canadiens : 3 - SEATTLE Kraken : 2.
10:01 of 3rd period - Wyatt Johnston wins face-off versus Patrick Kane in neutral zone.
10:39 of 3rd period - Icing by Dakota Mermis.
10:40 of 3rd period - Auston Matthews wins face-off versus Jake Guentzel in MONTREAL Canadiens zone.
11:06 of 3rd period - Shot by Tyler Seguin.
11:06 of 3rd period - Stopped by Spencer Knight without a rebound.
11:07 of 3rd period - Boone Jenner wins face-off versus Evgeni Malkin in SEATTLE Kraken zone.
11:22 of 3rd period - Shot by Evgeni Malkin.
11:22 of 3rd period - Shot Hit the Post.
11:24 of 3rd period - Shot by Joe Pavelski.
11:24 of 3rd period - Shot Misses the Net.
11:26 of 3rd period - Shot by Joe Pavelski.
11:26 of 3rd period - Shot Blocked by Cam Atkinson.
11:28 of 3rd period - Shot by Joe Pavelski.
11:28 of 3rd period - Stopped by Kevin Lankinen without a rebound.
11:29 of 3rd period - Auston Matthews wins face-off versus Isac Lundestrom in MONTREAL Canadiens zone.
11:46 of 3rd period - Shot by Andrei Kuzmenko.
11:46 of 3rd period - Stopped by Kevin Lankinen without a rebound.
11:47 of 3rd period - Boone Jenner wins face-off versus Wyatt Johnston in MONTREAL Canadiens zone.
12:04 of 3rd period - Shot by Wyatt Johnston.
12:04 of 3rd period - Stopped by Kevin Lankinen without a rebound.
12:05 of 3rd period - Auston Matthews wins face-off versus Patrick Kane in MONTREAL Canadiens zone.
12:05 of 3rd period - Auston Matthews is hit by Dakota Mermis.
12:54 of 3rd period - Icing by Joel Edmundson.
12:55 of 3rd period - Wyatt Johnston wins face-off versus Jake Guentzel in MONTREAL Canadiens zone.
12:58 of 3rd period - Shot by Jason Robertson.
12:58 of 3rd period - Deflect By Wyatt Johnston.
12:58 of 3rd period - Goal by Wyatt Johnston - MONTREAL Canadiens : 3 - SEATTLE Kraken : 3.
12:59 of 3rd period - Wyatt Johnston wins face-off versus Boone Jenner in neutral zone.
12:59 of 3rd period - Wyatt Johnston is hit by Boone Jenner.
13:14 of 3rd period - Shot by Cam Atkinson.
13:14 of 3rd period - Stopped by Spencer Knight with a rebound.
13:16 of 3rd period - Shot by Tyson Barrie.
13:16 of 3rd period - Shot Misses the Net.
13:18 of 3rd period - Shot by Cam Atkinson.
13:18 of 3rd period - Shot Misses the Net.
13:20 of 3rd period - Shot by Cam Atkinson.
13:20 of 3rd period - Stopped by Spencer Knight without a rebound.
13:21 of 3rd period - Gabriel Vilardi wins face-off versus Evgeni Malkin in SEATTLE Kraken zone.
13:30 of 3rd period - Shot by Brock Boeser.
13:30 of 3rd period - Stopped by Spencer Knight without a rebound.
13:31 of 3rd period - Cam Atkinson wins face-off versus Wyatt Johnston in SEATTLE Kraken zone.
14:40 of 3rd period - Shot by David Pastrnak.
14:40 of 3rd period - Goal by David Pastrnak - MONTREAL Canadiens : 3 - SEATTLE Kraken : 4.
14:41 of 3rd period - Auston Matthews wins face-off versus Patrick Kane in neutral zone.
14:46 of 3rd period - Icing by Matthew Benning.
14:47 of 3rd period - Auston Matthews wins face-off versus Patrick Kane in MONTREAL Canadiens zone.
14:48 of 3rd period - Shot by Andrei Kuzmenko.
14:48 of 3rd period - Stopped by Kevin Lankinen with a rebound.
15:02 of 3rd period - Shot by Kailer Yamamoto.
15:02 of 3rd period - Deflect By Patrick Kane.
15:02 of 3rd period - Stopped by Spencer Knight without a rebound.
15:03 of 3rd period - Brock Boeser wins face-off versus Evgeni Malkin in SEATTLE Kraken zone.
15:21 of 3rd period - Off-side.
15:22 of 3rd period - Wyatt Johnston wins face-off versus Boone Jenner in neutral zone.
15:40 of 3rd period - Cam Atkinson is hit by Moritz Seider and loses puck.
15:43 of 3rd period - Shot by Joel Edmundson.
15:43 of 3rd period - Stopped by Spencer Knight without a rebound.
15:44 of 3rd period - Patrick Kane wins face-off versus Auston Matthews in SEATTLE Kraken zone.
15:51 of 3rd period - Shot by Jake Guentzel.
15:51 of 3rd period - Stopped by Spencer Knight with a rebound.
15:53 of 3rd period - Shot by Patrick Kane.
15:53 of 3rd period - Shot Misses the Net.
15:55 of 3rd period - Shot by Justin Faulk.
15:55 of 3rd period - Stopped by Spencer Knight without a rebound.
15:56 of 3rd period - Tyler Seguin wins face-off versus Wyatt Johnston in SEATTLE Kraken zone.
16:04 of 3rd period - Tyler Seguin is hit by Rasmus Dahlin.
16:16 of 3rd period - Shot by Boone Jenner.
16:16 of 3rd period - Stopped by Spencer Knight with a rebound.
17:16 of 3rd period - Shot by Auston Matthews.
17:16 of 3rd period - Shot Misses the Net.
18:01 of 3rd period - Icing by Oscar Klefbom.
18:02 of 3rd period - Evgeni Malkin wins face-off versus Joe Veleno in SEATTLE Kraken zone.
18:13 of 3rd period - Shot by Evgeni Malkin.
18:13 of 3rd period - Deflect By Vincent Hinostroza.
18:13 of 3rd period - Stopped by Kevin Lankinen without a rebound.
18:14 of 3rd period - Boone Jenner wins face-off versus T.J. Oshie in MONTREAL Canadiens zone.
18:14 of 3rd period - Kyle Capobianco is hit by Michael Pezzetta and loses puck.
18:25 of 3rd period - Shot by Cam Atkinson.
18:25 of 3rd period - Stopped by Spencer Knight with a rebound.
18:46 of 3rd period - Minor Penalty to Rasmus Dahlin for Holding.
18:47 of 3rd period - T.J. Oshie wins face-off versus Patrick Kane in SEATTLE Kraken zone.
19:21 of 3rd period - MONTREAL Canadiens, Kevin Lankinen is pulled from the net.
19:21 of 3rd period - Shot by Justin Faulk.
19:21 of 3rd period - Stopped by Spencer Knight without a rebound.
19:22 of 3rd period - Joe Pavelski wins face-off versus Boone Jenner in SEATTLE Kraken zone.
19:55 of 3rd period - Tim Stutzle is hit by Boone Jenner and loses puck.
Goals for this period are 1 for MONTREAL Canadiens vs 2 for SEATTLE Kraken.
Shots for this period are 16 for MONTREAL Canadiens vs 9 for SEATTLE Kraken.